 Dungeon Crawl Stone Soup version 0.26.1 (webtiles) character file.

Game seed: 15920273150133731152

49 Nattfarinn the Chiller (level 3, 0/24 HPs)
             Began as a Barachi Ice Elementalist on Feb 5, 2021.
             Slain by a worm (1 damage)
             ... on level 2 of the Dungeon.
             The game lasted 00:02:24 (1590 turns).

Nattfarinn the Chiller (Barachi Ice Elementalist)   Turns: 1590, Time: 00:02:26

Health: 0/24       AC:  2    Str:  9    XL:     3   Next: 75%
Magic:  3/7        EV:  9    Int: 16    God:
Gold:   59         SH:  0    Dex: 12    Spells: 3/7 levels left

rFire    . . .     SeeInvis +   (no weapon)
rCold    . . .     Faith    .   (no shield)
rNeg     . . .     Spirit   .   a - +0 robe
rPois    .         Reflect  .   (no helmet)
rElec    .         Harm     .   (no cloak)
rCorr    .         Rampage  .   (no gloves)
Will     .....                  (no boots)
Stlth    ++........             (no amulet)
HPRegen  0.08/turn              (no ring)
MPRegen  0.10/turn              (no ring)

@: brilliant, frozen ramparts, constricted, slow
A: +LOS, swims, see invisible, slowness 1, evolution 1, strong legs 1
a: Hop


You were on level 2 of the Dungeon.
You visited 1 branch of the dungeon, and saw 2 of its levels.

You collected 59 gold pieces.

Inventory:

Missiles
 g - 9 poisoned darts (quivered)
Armour
 a - a +0 robe (worn)
 c - a +0 buckler
Scrolls
 b - 2 scrolls of remove curse {unknown}
 d - a scroll of identify {unknown}


   Skills:
 + Level 2.2 Dodging
 - Level 1.7 Stealth
 + Level 2.7 Spellcasting
 * Level 6.0 Ice Magic


You had 3 spell levels left.
You knew the following spells:

 Your Spells              Type           Power        Failure   Level
a - Freeze                Ice            100%         1%          1
b - Frozen Ramparts       Ice            64%          4%          3

Your spell library contained the following spells:

 Spells                   Type           Power        Failure   Level
 Ozocubu's Armour         Ice            32%          4%          3
 Hailstorm                Conj/Ice       17%          50%         4
 Summon Ice Beast         Ice/Summ       17%          50%         4


Dungeon Overview and Level Annotations

Branches:
Dungeon (2/15)

Altars:


Innate Abilities, Weirdness & Mutations

You can be seen from farther away. (+LOS)
You can swim through water.
You cover ground slowly.
You can hop short distances.
You have supernaturally acute eyesight. (SInv)
You evolve.


Message History

The worm is severely wounded.
The wall freezes the goblin.
The ball python closely misses you. The ball python constricts you.
The wall freezes the worm.
The worm bites you.
* * * LOW HITPOINT WARNING * * *
Unknown command.
Your frozen ramparts will break if you move.
Continue?
Okay, then.
It was a potion of brilliance.
You feel clever all of a sudden.
The wall freezes the goblin.
You kill the goblin!
The ball python bites you but does no damage.
The ball python constricts you.
It was a potion of mutation.
You feel extremely strange.
Your vision sharpens.
You feel nature experimenting on you.
Don't worry, failures die fast.
The ball python bites you.
* * * LOW HITPOINT WARNING * * *
The ball python constricts you.
The wall freezes the worm.
The worm bites you.
You die...

.................
.................
.................
.................
................
..............
............
#†wS.......
#@†.......
#####..... ..


You could see a worm and a ball python.

Vanquished Creatures
  A gnoll (D:1)
  An adder (D:2)
  4 leopard geckos (D:1)
  2 bats (D:1)
  5 goblins
  A hobgoblin (D:1)
  2 jackals
  7 kobolds
  2 rats (D:1)
25 creatures vanquished.

Notes
Turn   | Place    | Note
-------+----------+-------------------------------------------
     0 | D:1      | Nattfarinn the Barachi Ice Elementalist began the quest for
                  | the Orb.
     0 | D:1      | Reached XP level 1. HP: 13/13 MP: 3/3
    79 | D:1      | Reached skill level 5 in Ice Magic
    79 | D:1      | Reached XP level 2. HP: 8/19 MP: 0/5
   747 | D:1      | Reached XP level 3. HP: 24/24 MP: 3/6
  1581 | D:1      | Learned a level 3 spell: Frozen Ramparts
  1587 | D:2      | Reached skill level 6 in Ice Magic
  1590 | D:2      | Gained mutation: You have supernaturally acute eyesight.
                  | (SInv) [potion of mutation]
  1590 | D:2      | Gained mutation: You evolve. [potion of mutation]
  1590 | D:2      | HP: 1/24 [ball python (2)]
  1590 | D:2      | Slain by a worm

Illustrated notes

Levels and vault maps discovered:
D:1:      sevenhm_arrival_forest_fort_small_3, layout_basic
D:2:      layout_rooms, serial_glass, glass_columns_b, glass_columns_b,
          feat_on_display, minmay_strange_pillars, minmay_strange_pillars,
          due_unseen_surprise, minmay_surrounded, uniq_sigmund

Skill      XL: |  1  2  3 |
---------------+----------+-----
Ice Magic      | 5 6 |  6.0
Dodging        | |  2.2
Stealth        | |  1.7
Spellcasting   | |  2.7

Action                   || total
-------------------------++-------
Melee: Unarmed           ||    14
 Cast: Freeze            ||    30
       Frozen Ramparts   ||     1
  Use: Potion            ||     2
Armor: Robe              ||     6
Dodge: Dodged            ||    30
